AoeStats
← Mr. Penis

Hill Fort

505914389Analyzed
4v4 RM · 22d ago on Sep 11, 2026· 55m 19s· 8 players
Game mode
Random Map
Map size
Large (8 player)
Population
200
Speed
Normal
Resources
Standard
Victory
Conquest
Starting age
Dark Age
Ending age
Imperial Age
RankedLock teamsTeams togetherTeam positionsShared explorationLock speedFull tech treeHidden civsTurbo modeCheats
Victory
Defeat
🇬🇷 Cumans · Greece
1309
+12
🇷🇺 Jurchens · Russia
1262
+14
🇨🇴 Bulgarians · Colombia
1233
+15
🇵🇹 Spanish · Portugal
1196
+15
🇨🇳 Spanish · China
1258
-16
🇹🇼 Goths · Taiwan
1215
-14
🇵🇰 Mongols · Pakistan
1192
-13
🇦🇷 Vikings · Argentina
1180
-13
Massarock
10:32 Feudal Age
11:42 Double-Bit Axe
15:54 Loom
18:41 Castle Age
20:00 Bow Saw
19:31 Horse Collar
20:28 Wheelbarrow
22:46 Padded Archer Armor
24:49 Leather Archer Armor
35:07 Imperial Age
32:53 Hand Cart
34:02 Scale Mail Armor
35:33 Capped Ram
36:18 Pikeman
36:38 Elite Conquistador
38:27 Chemistry
39:04 Ring Archer Armor
39:33 Conscription
42:50 Elite Skirmisher
43:36 Thumb Ring
43:23 Fletching
44:25 Town Watch
45:42 Two-Man Saw
44:43 Heavy Plow
44:36 Gold Mining
44:38 Stone Mining
49:25 Masonry
53:26 Hoardings
53:26 Spies/Treason
Materix
10:47 Feudal Age
13:24 Loom
17:05 Castle Age
15:02 Double-Bit Axe
16:21 Horse Collar
17:04 Gold Mining
17:40 Town Watch
18:25 Bow Saw
21:32 Stone Mining
22:21 Wheelbarrow
29:36 Fletching
30:30 Bloodlines
30:21 Husbandry
30:27 Scale Barding Armor
34:47 Imperial Age
33:17 Scale Mail Armor
33:28 Forging
33:13 Bodkin Arrow
33:39 Chain Barding Armor
34:45 Iron Casting
35:02 Husbandry
35:57 Conscription
37:19 Town Patrol
38:16 Chain Mail Armor
38:15 Pikeman
38:55 Squires
38:41 Arson
40:14 Hand Cart
41:07 Plate Mail Armor
41:13 Plate Barding Armor
42:18 Blast Furnace
41:42 Bracer
42:39 Light Cavalry
43:52 Padded Archer Armor
43:55 Halberdier
46:48 Cavalier
48:44 Heavy Plow
49:20 Gold Shaft Mining
49:20 Stone Shaft Mining
49:11 Ballistics
49:02 Masonry
50:37 Hussar
54:11 Architecture
53:46 Siege Engineers
53:38 Murder Holes
53:31 Gambesons
54:02 Leather Archer Armor
53:32 Spies/Treason
54:17 Capped Ram
55:31 Crop Rotation
mojotzotzo
8:14 Feudal Age
9:13 Double-Bit Axe
9:47 Horse Collar
17:57 Gold Mining
21:38 Castle Age
19:43 Stone Mining
20:22 Loom
23:08 Bow Saw
25:58 Imperial Age
23:35 Scale Barding Armor
25:02 Bloodlines
26:05 Cavalier
27:06 Chain Barding Armor
26:57 Forging
33:13 Light Cavalry
35:21 Iron Casting
35:15 Fletching
35:50 Ballistics
36:18 Plate Barding Armor
36:28 Wheelbarrow
37:52 Blast Furnace
37:52 Conscription
37:53 Bodkin Arrow
39:30 Chemistry
39:25 Caravan
39:51 Padded Archer Armor
40:11 Paladin
42:40 Leather Archer Armor
43:59 Masonry
46:01 Ring Archer Armor
48:48 Hand Cart
48:18 Town Watch
50:16 Elite Kipchak
51:59 Light Cavalry
52:46 Capped Ram
Mr. Penis
10:52 Feudal Age
15:29 Castle Age
13:26 Horse Collar
14:28 Double-Bit Axe
17:15 Bow Saw
19:48 Loom
22:02 Heavy Plow
22:23 Gold Mining
24:42 Wheelbarrow
24:15 Stone Mining
25:44 Bloodlines
25:35 Husbandry
31:25 Gold Shaft Mining
31:26 Stone Shaft Mining
37:02 Imperial Age
34:48 Hand Cart
34:18 Town Watch
35:08 Town Patrol
37:21 Elite Steppe Lancer
38:54 Crop Rotation
39:26 Two-Man Saw
39:29 Stone Shaft Mining
39:27 Conscription
39:52 Scale Barding Armor
39:57 Forging
39:38 Fletching
39:50 Fortified Bastions
40:29 Hoardings
40:49 Chain Barding Armor
43:04 Plate Barding Armor
43:05 Iron Casting
42:20 Fletching
43:02 Coinage
42:43 Guilds
42:33 Caravan
43:22 Conscription
45:20 Heavy Rocket Cart
45:20 Capped Ram
48:15 Fervor
48:20 Block Printing
48:26 Sanctity
48:37 Banking
48:59 Siege Ram
Valhalin
11:07 Feudal Age
11:37 Double-Bit Axe
12:01 Loom
14:01 Double-Bit Axe
18:38 Castle Age
16:43 Horse Collar
17:26 Scale Mail Armor
17:55 Gold Mining
19:53 Bow Saw
20:50 Heavy Plow
25:13 Forging
29:03 Murder Holes
29:46 Town Watch
30:18 Stone Mining
32:30 Chieftains
38:19 Imperial Age
35:57 Arson
37:01 Chain Mail Armor
37:22 Iron Casting
37:40 Treadmill Crane
38:07 Squires
37:52 Gambesons
39:00 Masonry
39:02 Fortified Wall
39:26 Conscription
38:59 Capped Ram
40:42 Plate Mail Armor
41:19 Blast Furnace
42:55 Scale Barding Armor
42:55 Light Cavalry
45:59 Chain Barding Armor
Dark_Knight
1:40 Loom
11:11 Feudal Age
15:25 Castle Age
13:57 Double-Bit Axe
14:45 Horse Collar
16:19 Bow Saw
19:55 Scale Mail Armor
21:53 Gold Mining
23:20 Fletching
27:49 Imperial Age
26:03 Stone Mining
26:47 Ballistics
27:08 Squires
27:46 Town Watch
28:40 Forging
29:15 Wheelbarrow
29:05 Pikeman
30:21 Forging
32:15 Masonry
33:07 Chemistry
33:45 Bodkin Arrow
36:24 Conscription
35:40 Man-at-Arms
38:01 Chain Mail Armor
37:19 Long Swordsman
38:44 Iron Casting
39:40 Murder Holes
40:15 Caravan
40:30 Guilds
40:27 Halberdier
43:28 Perfusion
我很牛逼
10:25 Feudal Age
13:13 Loom
15:42 Castle Age
13:45 Double-Bit Axe
14:29 Horse Collar
31:52 Wheelbarrow
33:03 Pikeman
33:44 Squires
33:29 Arson
33:30 Gambesons
35:04 Forging
34:54 Scale Mail Armor
35:05 Forging
34:55 Scale Mail Armor
35:05 Forging
34:55 Scale Mail Armor
36:22 Hand Cart
38:58 Imperial Age
36:48 Chain Mail Armor
37:08 Iron Casting
36:48 Chain Mail Armor
37:09 Iron Casting
36:49 Chain Mail Armor
38:40 Husbandry
38:51 Bloodlines
39:41 Bow Saw
39:34 Heavy Plow
39:28 Gold Mining
39:28 Stone Mining
39:29 Gold Mining
39:29 Stone Mining
39:26 Halberdier
40:39 Plate Mail Armor
40:44 Iron Casting
40:14 Scale Barding Armor
40:40 Plate Mail Armor
40:45 Iron Casting
42:41 Blast Furnace
42:34 Cavalier
42:34 Light Cavalry
43:31 Hussar
sehal
9:35 Feudal Age
8:21 Loom
18:12 Castle Age
16:29 Double-Bit Axe
16:29 Horse Collar
17:10 Stone Mining
17:30 Fletching
20:40 Scale Barding Armor
20:46 Forging
26:16 Bodkin Arrow
27:27 Padded Archer Armor
27:57 Bow Saw
27:52 Heavy Plow
28:26 Gold Mining
31:24 Wheelbarrow
32:28 Leather Archer Armor
33:50 Bloodlines
33:40 Husbandry
35:01 Gold Shaft Mining
39:29 Imperial Age
36:24 Light Cavalry
37:27 Chain Barding Armor
37:42 Iron Casting
40:30 Ballistics
41:12 Chemistry
40:21 Elite Mangudai
40:31 Elite Mangudai
41:32 Conscription
Connection lost

Rejoining the realm…

Still unreachable

The connection could not be restored.

Session expired

The server has moved on; the page needs a fresh start.